Map: Dreamcatcher LE

Players

Raze

  • Race: Protoss Protoss
  • League: Master
  • Spawn Location: 5:00

Clem - Winner!

  • Race: Terran Terran
  • Spawn Location: 11:00

Event: WCS Montreal 2018

VOD

Have the link to the VOD?

Description

Time

  • Played on: Sept. 7, 2018, 5:02 p.m.
  • Length: 11:28

All games in this series

Show
View Real Time Build Order
Export as new Build Order

Raze Protoss 

Build Orders: 1 Gate Expand, Oracle Opening 

Get SALT Encoding   

  12  0:01  Probe  
  13  0:13  Probe  
  14  0:17  Pylon  
  14  0:23  Probe  
  15  0:31  Probe  
  16  0:38  Gateway  
  16  0:39  Probe  
  16  0:47  Assimilator  
  17  0:51  Probe  
  18  1:03  Probe  
  19  1:15  Probe  
  20  1:26  Cybernetics Core  
  20  1:34  Nexus  
  20  1:45  Pylon  
  20  1:46  Probe  
  21  1:51  Assimilator  
  21  1:53  Adept  
  20  1:59  Probe  
  23  2:08  Warp Gate  
  23  2:11  Probe  
  24  2:16  Stalker  
  24  2:17  Pylon  
  24  2:23  Probe  
  27  2:35  Probe  
  28  2:46  Probe  
  28  2:47  Probe  
  26  2:59  Probe  
  26  3:00  Stargate  
  26  3:02  Probe  
  28  3:10  Probe  
  29  3:15  Probe  
  29  3:16  Stalker  
  29  3:18  Probe  
  32  3:23  Probe  
  32  3:26  Probe  
  34  3:33  Probe  
  35  3:35  Oracle  
  35  3:37  Probe  
  37  3:45  Probe  
  41  3:51  Stalker  
  41  3:52  Probe  
  44  3:57  Probe  
  44  4:00  Pylon  
  45  4:04  Probe  
  45  4:07  Gateway  
  45  4:09  Probe  
  47  4:15  Oracle  
  47  4:16  Probe  
  51  4:21  Probe  
  50  4:28  Probe  
  51  4:33  Probe  
  51  4:35  Gateway  
  51  4:37  Pylon  
  52  4:40  Probe  
  52  4:45  Probe  
  54  4:51  Assimilator  
  54  4:52  Shield Battery  
  54  4:53  Probe, Assimilator  
  54  4:56  Oracle  
  54  4:57  Robotics Facility, Probe  
  56  5:05  Probe  
  57  5:11  Stalker x2  
  61  5:23  Nexus  
  61  5:24  Pylon  
  61  5:36  Twilight Council, Probe  
  61  5:37  Probe  
  62  5:51  Observer  
  62  5:54  Robotics Bay, Probe x2  
  65  6:01  Gateway  
  65  6:03  Immortal, Gateway  
  65  6:06  Probe x2  
  65  6:07  Gateway  
  65  6:08  Pylon  
  67  6:12  Sentry  
  67  6:13  Sentry  
  67  6:15  Blink  
  67  6:17  Adept  
  77  6:23  Probe  
  78  6:26  Probe  
  78  6:27  Pylon  
  79  6:36  Probe  
  80  6:41  Adept x3  
  80  6:46  Disruptor  
  89  6:56  Probe x3  
  89  7:00  Pylon  
  92  7:03  Adept x3  
  96  7:15  Disruptor  
  94  7:17  Adept x3  
  94  7:20  Assimilator, Probe  
  94  7:21  Pylon, Probe  
  105  7:24  Assimilator  
  100  7:37  Stalker x4  
  100  7:39  Zealot x2  
  100  7:43  Probe  
  109  7:51  Pylon  
  109  7:53  Disruptor  
  109  7:55  Probe  
  111  8:10  Nexus  
  111  8:12  Adept x4  
  103  8:13  Adept x2, Pylon  
  103  8:16  Probe x2  
  106  8:28  Probe  
  106  8:34  Disruptor  
  107  8:40  Robotics Facility, Pylon  
  109  8:49  Stalker x4  
  109  8:57  Stalker x2  
  97  9:22  Probe  
  94  9:33  Disruptor  
  94  9:34  Disruptor  
  94  9:36  Probe x3  
  94  9:38  Assimilator  
  101  9:40  Stalker x3  
  101  9:41  Assimilator  
  107  9:48  Probe x2  
  107  9:49  Probe  
  107  9:50  Stalker x2  
  114  9:54  Stalker  
  116  10:00  Probe  
  116  10:04  Stalker x2  
  116  10:06  Probe x2  
  117  10:16  Adept x3  
  106  10:28  Probe  
  97  10:37  Stalker x5  
  99  10:56  Stalker  
  57  11:15  Stalker x2  
  57  11:16  Stalker x2  
Show
View Real Time Build Order
Export as new Build Order

Clem Terran - Winner!

Build Orders: Reaper Expand, MMM Bio 

Get SALT Encoding   

  12  0:01  SCV  
  13  0:13  SCV  
  14  0:17  Supply Depot  
  14  0:25  SCV  
  15  0:38  SCV  
  15  0:39  Barracks  
  16  0:43  Refinery  
  16  0:50  SCV  
  17  1:03  SCV  
  18  1:15  SCV  
  19  1:27  Orbital Command  
  19  1:28  Reaper  
  20  1:49  Command Center  
  20  1:53  Supply Depot  
  20  1:54  SCV  
  21  2:00  Marine  
  22  2:07  SCV  
  23  2:11  Factory  
  23  2:17  Marine  
  23  2:19  SCV  
  25  2:24  Refinery  
  25  2:31  SCV  
  25  2:35  Marine  
  27  2:39  Barracks  
  27  2:43  SCV  
  28  2:55  Barracks Reactor  
  28  2:56  SCV  
  27  3:01  Cyclone  
  30  3:09  SCV  
  30  3:10  Orbital Command  
  30  3:17  Barracks  
  30  3:21  SCV  
  31  3:28  Engineering Bay, Barracks Tech Lab  
  31  3:30  Marine x2  
  33  3:36  Widow Mine  
  33  3:37  SCV  
  33  3:40  SCV  
  37  3:49  Stimpack, Supply Depot  
  37  3:52  SCV  
  37  3:53  SCV  
  39  3:58  Terran Infantry Weapons Level 1  
  39  3:59  Marine  
  39  4:02  Marine  
  41  4:05  SCV  
  41  4:07  SCV, Barracks Tech Lab  
  41  4:09  Marine  
  44  4:17  SCV  
  44  4:19  SCV  
  43  4:25  Marine  
  43  4:29  SCV  
  43  4:31  SCV  
  42  4:38  Factory Reactor, Marine x2  
  42  4:40  Starport  
  42  4:41  SCV  
  42  4:43  SCV  
  46  4:46  Supply Depot  
  46  4:48  Marine  
  46  4:49  Marine  
  48  4:54  SCV  
  48  4:55  SCV  
  50  5:01  Missile Turret  
  50  5:02  Missile Turret  
  50  5:04  Combat Shields  
  50  5:08  SCV  
  50  5:10  SCV  
  50  5:14  Marine x2  
  52  5:20  Refinery  
  54  5:23  Supply Depot  
  54  5:25  SCV, Factory Reactor  
  54  5:32  Marauder x2  
  54  5:34  Marine x2  
  60  5:40  Medivac  
  62  5:44  Medivac, Supply Depot  
  62  5:46  SCV  
  62  5:47  SCV  
  66  5:51  Supply Depot  
  66  5:55  Marine x2  
  66  5:56  Refinery  
  65  5:57  Concussive Shells  
  65  6:02  Marauder x2  
  69  6:05  SCV  
  69  6:06  SCV  
  69  6:08  Supply Depot  
  71  6:12  Terran Infantry Armor Level 1  
  71  6:15  Marine x2  
  73  6:19  Widow Mine x2  
  73  6:20  SCV x2  
  79  6:29  Barracks x2  
  79  6:32  SCV  
  80  6:37  Medivac  
  80  6:38  SCV  
  82  6:40  Widow Mine, Supply Depot  
  82  6:42  Medivac  
  86  6:50  Marine x2  
  86  6:51  Marauder x2  
  92  6:59  Supply Depot  
  94  7:01  Widow Mine  
  94  7:02  Widow Mine  
  94  7:04  Supply Depot  
  96  7:09  Marine  
  96  7:10  Medivac, Marine  
  96  7:13  Marauder x2  
  100  7:17  Barracks Reactor  
  100  7:18  Barracks Tech Lab  
  100  7:20  Medivac  
  102  7:25  Supply Depot  
  102  7:27  Marine  
  102  7:34  Marine  
  102  7:35  Marauder x2  
  94  7:39  Widow Mine, Marine  
  94  7:40  Medivac  
  94  7:41  Widow Mine  
  99  7:45  Supply Depot  
  99  7:49  Marine  
  100  7:52  Supply Depot  
  100  7:57  Marauder  
  102  8:00  Widow Mine  
  102  8:02  Marine x2  
  102  8:03  Marauder x2  
  106  8:06  Widow Mine  
  104  8:13  Marine  
  104  8:14  Marine, Supply Depot  
  104  8:18  Marauder  
  101  8:21  Marine  
  101  8:22  Liberator, Marine  
  101  8:24  Marauder x2  
  101  8:25  Liberator  
  96  8:28  Widow Mine  
  96  8:31  Widow Mine, Marine  
  101  8:39  Marauder  
  106  8:46  Marauder x2  
  113  8:50  Marine x3  
  113  8:54  Marine  
  113  8:56  Widow Mine x2  
  113  9:01  Marauder  
  118  9:05  Liberator  
  118  9:07  Marauder x2, Marine  
  118  9:08  Marine x2  
  125  9:12  Marine  
  115  9:17  Widow Mine x2  
  115  9:22  Marauder, Liberator  
  118  9:25  Marine  
  118  9:26  Marine  
  118  9:29  Marauder x2, Marine  
  113  9:34  Marine  
  114  9:43  Marine  
  114  9:44  Marauder  
  118  9:49  Marine x2  
  118  9:50  Widow Mine x2  
  118  9:51  Marauder  
  128  9:53  Marauder  
  128  9:55  Liberator  
  126  10:12  Widow Mine  
  126  10:13  Marine x4  
  139  10:14  Marauder x2  
  139  10:15  Marauder  
  139  10:19  Widow Mine  
  139  10:31  Marine x2  
  139  10:33  Widow Mine  
  143  10:35  Marauder x2  
  143  10:36  Marauder  
  143  10:39  Orbital Command  
  136  10:48  Widow Mine, Marine  
  126  10:57  Marauder x2  
  126  11:03  Widow Mine, Marine  
  128  11:04  Marauder  
Tags
 
Add a new tag
Caveats
  • Supply blocks, unpowered buildings, or Contaminate may cause inaccurate times.
  • Supply counts are checked every 10 seconds.